 Dungeon Crawl Stone Soup version 0.19.0-22-gd96e5fe (webtiles) character file.

1707 equalderp2856 the Gouger (level 8, -17/36 HPs)
             Began as a Felid Fighter on Nov 18, 2016.
             Killed from afar by Josephine (24 damage)
             ... with a ghostly fireball
             ... on level 10 of the Dungeon on Nov 19, 2016.
             The game lasted 00:49:43 (17990 turns).

equalderp2856 the Gouger (Felid Fighter)           Turns: 17990, Time: 00:49:44

Health: -17/36     AC:  2    Str: 13    XL:     8   Next: 73%
Magic:  0/9        EV: 24    Int: 11    God:
Gold:   466        SH:  0    Dex: 16    Spells: 1 memorised, 6 levels left
                                        Lives:  0   Deaths: 2

rFire  . . .     SeeInvis +       - Unarmed
rCold  . . .     Gourm    .     (armour unavailable)
rNeg   . . .     Faith    .     (shield unavailable)
rPois  .         Spirit   +     (helmet unavailable)
rElec  .         Reflect  .     (cloak unavailable)
rCorr  .         Harm     .     (gloves unavailable)
MR     +....                    (boots unavailable)
Stlth  ++++......               F - amulet of guardian spirit
                                h - ring of ice
                                t - ring of fire

@: heavily drained, quick
A: no armour, no weapons or thrown items, stealth, claws 1, fangs 3, see
invisible, carnivore 3, speed 1, shaggy fur 2, slow metabolism 1, sharp paws
a: no special abilities


You were on level 10 of the Dungeon.
You were not hungry.

You visited 2 branches of the dungeon, and saw 11 of its levels.

You collected 466 gold pieces.

Inventory:

Hand Weapons
 B - a +0 blowgun
Missiles
 n - 92 bolts
 q - 131 arrows
 r - 2 needles of sleeping
 C - 38 poisoned needles
Jewellery
 h - a ring of ice (right paw)
 o - an uncursed ring of teleportation
 t - a ring of fire (left paw)
 E - an uncursed amulet of regeneration
 F - an amulet of guardian spirit (around neck)
 Q - an uncursed ring of protection from fire {unknown}
Wands
 G - a wand of flame (13/48)
 H - a wand of paralysis (12/24)
 O - a wand of lightning (9/15)
 R - a wand of polymorph (11/24)
 W - a wand of iceblast (6/15)
Scrolls
 c - 14 scrolls of identify
 e - 2 scrolls of amnesia
 i - 4 scrolls of remove curse
 j - 2 scrolls of fear {unknown}
 l - 2 scrolls of enchant weapon {unknown}
 u - 2 scrolls of enchant armour {unknown}
 v - a scroll of recharging
 y - 2 scrolls of teleportation
 D - 2 scrolls of fog
 I - a scroll of silence {unknown}
 L - a scroll of blinking {unknown}
 U - a scroll of torment {unknown}
Potions
 a - 6 potions of might
 f - 2 potions of degeneration {unknown}
 g - 2 potions of flight
 k - a potion of berserk rage {unknown}
 p - a potion of agility {unknown}
 s - a potion of cure mutation {unknown}
 w - 2 potions of brilliance {unknown}
 x - 2 potions of mutation {unknown}
 z - 2 potions of resistance {unknown}
 J - a potion of lignification {unknown}
 N - a potion of invisibility {unknown}
 T - a potion of beneficial mutation {unknown}
Books
 K - a book of Party Tricks

   Spells                             Type                      Level
   a - Summon Butterflies             Summoning                    1
   b - Apportation                    Translocation                1
   c - Lesser Beckoning               Translocation                3
   d - Tukima's Dance                 Hexes                        3
   e - Alistair's Intoxication        Transmutation/Poison         5
   f - Invisibility                   Hexes                        6
 P - a book of Necromancy

   Spells                             Type                      Level
   a - Pain                           Necromancy                   1
   b - Animate Skeleton               Necromancy                   1
   c - Vampiric Draining              Necromancy                   3
   d - Regeneration                   Charms/Necromancy            3
   e - Animate Dead                   Necromancy                   4
   f - Control Undead                 Necromancy                   4
Miscellaneous
 V - a lamp of fire
Comestibles
 b - 5 meat rations
 d - 5 beef jerkies
 m - 8 bread rations
 M - 8 royal jellies


   Skills:
 + Level 4.7(3.5) Fighting
 + Level 9.8(8.4) Dodging
 + Level 7.7(6.4) Stealth
 + Level 12.4(10.9) Unarmed Combat


You had 6 spell levels left.
You knew the following spells:

 Your Spells              Type           Power        Failure   Level  Hunger
a - Animate Skeleton      Necr           N/A          34%         1    ##.....


Dungeon Overview and Level Annotations

Branches:
Dungeon (10/15)            Temple (1/1) D:6            Lair (0/6) D:8
    Orc (0/2) D:9

Altars:
Ashenzari
Cheibriados
Dithmenos
Elyvilon
Fedhas
Gozag
Hepliaklqana
Kikubaaqudgha
Makhleb
Nemelex Xobeh
Okawaru
Qazlal
Ru
Sif Muna
Trog
Uskayaw
Vehumet
Xom
Yredelemnul
Zin
The Shining One

Shops:
D:6 [

Annotations:
D:10 Josephine, Psyche


Innate Abilities, Weirdness & Mutations

You cannot wear armour.
You are incapable of wielding weapons or throwing items.
Your paws allow you to move quietly. (Stealth)
You have sharp claws.
You have razor-sharp teeth.
You have supernaturally acute eyesight. (SInv)
You are carnivorous and can eat meat at any time.
You cover ground quickly.
You are covered in thick fur. (AC +2)
You have a slow metabolism.
Your sharp claws are effective at attacking unaware monsters.


Message History

Josephine is lightly wounded.
Josephine misses you.
You barely miss Josephine.
Josephine is lightly wounded.
Josephine completely misses you. Josephine hits you but does no damage.
You claw Josephine!
Josephine is lightly wounded.
You feel yourself speed up. Josephine completely misses you.
You scratch Josephine.
Josephine is moderately wounded.
Josephine barely misses you.
You closely miss Josephine.
Josephine is moderately wounded.
You scratch Josephine.
Josephine is moderately wounded.
Josephine points at you and mumbles some strange words.
The ghostly flame explodes!
The ghostly fireball engulfs you!
You feel drained.
Ouch! That really hurt!
You die...

#§##)#<.......#
#†##.#........#
#.##..........#
#.####........#
#.#
##%.......###
#W#
#..(..#.....#
#W#
#.###.#.###.##
#@# #.#
#.#...#.##
#@###.#
#.###.#.##
#.....#
#..†..#.##
#######
#######.## #...
####


You could see Josephine and 2 wraiths.

Vanquished Creatures
  A troll (D:8)
  A hippogriff (D:9)
  A wraith (D:10)
  A basilisk (D:8)
  A yak (D:9)
  Eustachio (D:5)
  A hungry ghost (D:8)
  Menkaure (D:7)
  Edmund (D:5)
  A water moccasin (D:7)
  An ice beast (D:7)
  4 sky beasts
  4 orc warriors
  2 phantoms (D:5)
  2 ogres
  5 centaurs
  Blork the orc (D:5)
  A crocodile (D:7)
  6 bullfrogs
  3 howler monkeys
  2 crimson imps (D:5)
  A bullfrog zombie (D:9)
  8 orc priests
  6 hounds
  4 jellies
  Crazy Yiuf (D:5)
  3 centaur skeletons
  4 iguanas
  3 worker ants
  Terence (D:3)
  10 orc wizards
  4 hound zombies
  A howler monkey zombie (D:7)
  10 adders
  2 river rats (D:5)
  A shadow imp (D:8)
  6 oozes
  An adder skeleton (D:4)
  An adder zombie (D:5)
  2 worms (D:2)
  5 leopard geckos
  35 orcs
  2 ball pythons
  10 giant cockroaches
  7 goblins
  5 hobgoblins
  19 jackals
  4 quokkas
  8 bats
  8 frilled lizards
  A jackal skeleton (D:4)
  2 jackal zombies
  11 kobolds
  A leopard gecko skeleton (D:5)
  A quokka zombie (D:6)
  8 rats
237 creatures vanquished.

Notes
Turn   | Place    | Note
-------+----------+-------------------------------------------
     0 | D:1      | equalderp2856 the Felid Fighter began the quest for the Orb.
     0 | D:1      | Reached XP level 1. HP: 10/10 MP: 2/2
   740 | D:1      | Found a glowing golden altar of the Shining One.
   832 | D:1      | Reached XP level 2. HP: 7/14 MP: 3/3
  1990 | D:2      | Reached XP level 3. HP: 16/17 MP: 4/4
  2650 | D:2      | Reached skill level 1 in Stealth
  2699 | D:2      | Reached XP level 4. HP: 16/21 MP: 5/5
  2953 | D:2      | Found a stormy altar of Qazlal.
  2953 | D:2      | Found a bloodstained altar of Trog.
  3015 | D:2      | Reached skill level 5 in Unarmed Combat
  3682 | D:3      | Noticed Terence
  3686 | D:3      | Killed Terence
  3801 | D:3      | Reached skill level 5 in Dodging
  3801 | D:3      | Reached XP level 5. HP: 20/24 MP: 6/6
  4715 | D:4      | Reached skill level 6 in Unarmed Combat
  4787 | D:4      | Gained mutation: You are covered in thick fur. (AC +2) [Felid growth]
  4787 | D:4      | Reached XP level 6. HP: 4/28 MP: 7/7
  4827 | D:4      | HP: 1/28 [poisoned by a worker ant]
  5897 | D:5      | Entered Level 5 of the Dungeon
  6073 | D:5      | Reached skill level 7 in Unarmed Combat
  6073 | D:5      | Reached XP level 7. HP: 12/31 MP: 8/8
  6299 | D:5      | Noticed Eustachio
  6314 | D:5      | Found a glowing drain.
  6316 | D:5      | Noticed Edmund
  6378 | D:5      | Reached skill level 5 in Stealth
  6418 | D:5      | Noticed Blork the orc
  6745 | D:5      | Killed Blork the orc
  6798 | D:5      | Killed Edmund
  6798 | D:5      | Reached skill level 8 in Unarmed Combat
  7103 | D:5      | Reached XP level 8. HP: 17/36 MP: 9/9
  7705 | D:5      | Killed Eustachio
  7733 | D:5      | Found a runed door.
  7737 | D:5      | Noticed Crazy Yiuf
  8063 | D:5      | Killed Crazy Yiuf
  8063 | D:5      | Reached skill level 9 in Unarmed Combat
  9320 | D:6      | Found Ocyfuargh's Armour Shop.
  9362 | D:6      | Found a staircase to the Ecumenical Temple.
  9378 | Temple   | Entered the Ecumenical Temple
 10676 | D:7      | Noticed Menkaure
 10751 | D:7      | Reached skill level 10 in Unarmed Combat
 10829 | D:7      | Killed Menkaure
 10829 | D:7      | Reached XP level 9. HP: 39/39 MP: 10/10
 11469 | D:8      | Found a radiant altar of Vehumet.
 11786 | D:8      | Found a staircase to the Lair.
 12706 | D:8      | Reached skill level 11 in Unarmed Combat
 13675 | D:9      | Found a staircase to the Orcish Mines.
 13994 | D:8      | Found an iron altar of Okawaru.
 14286 | D:7      | Slain by an orc warrior
 14287 | D:7      | Reached XP level 8. HP: -1/36 MP: 0/9
 14316 | D:7      | Reached XP level 9. HP: 39/39 MP: 10/10
 14680 | D:8      | Learned a level 1 spell: Animate Skeleton
 15014 | D:9      | Found a snail-covered altar of Cheibriados.
 15446 | D:9      | Reached skill level 12 in Unarmed Combat
 15569 | D:9      | Noticed a troll
 16269 | D:8      | HP: 1/39 [troll (10)]
 17208 | D:8      | Killed a troll
 17457 | D:10     | Entered Level 10 of the Dungeon
 17478 | D:10     | Noticed Psyche
 17947 | D:10     | Noticed Josephine
 17960 | D:10     | HP: 1/39 [wraith[Josephine] (12)]
 17968 | D:10     | Slain by Josephine
 17969 | D:10     | Reached XP level 8. HP: -3/36 MP: 0/9
 17990 | D:10     | Killed from afar by Josephine

Skill      XL: |  1  2  3  4  5  6  7  8  9 |
---------------+----------------------------+-----
Stealth        | 1 2 3 4 5 7 |  7.7
Unarmed Combat | 5 6 7 8 10 12 | 12.4
Dodging        | 5 6 7 9 |  9.8
Fighting       | 4 |  4.7

Action                   |  1- 3 |  4- 6 |  7- 9 || total
-------------------------+-------+-------+-------++-------
Melee: Unarmed           |   126 |   166 |   587 ||   879
       Bite              |     6 |    16 |    65 ||    87
       Punch             |     1 |     2 |    18 ||    21
Evoke: Wand              |       |       |     1 ||     1
  Use: Potion            |       |     4 |     4 ||     8
       Scroll            |       |       |     5 ||     5
 Stab: Sleeping          |       |    10 |    10 ||    20
       Distracted        |       |       |     2 ||     2
       Paralysed         |       |       |     1 ||     1
  Eat: Chunk             |     5 |    12 |    13 ||    30
       Royal jelly       |       |       |     2 ||     2
Armor: Skin              |     6 |     8 |    26 ||    40
Dodge: Dodged            |   130 |   134 |   527 ||   791
